 Dungeon Crawl Stone Soup version 0.28.0-49-g6dfe1f597d (webtiles) character file.

Game seed: 5822353436689211036

189 Peloso the Covered (level 5, -1/46 HPs)
             Began as a Minotaur Fighter on May 19, 2022.
             Slain by a gnoll
             ... wielding a +2 halberd of venom
              (14 damage)
             ... on level 3 of the Dungeon.
             The game lasted 00:03:40 (1984 turns).

Peloso the Covered (Minotaur Fighter)               Turns: 1984, Time: 00:03:41

Health: -1/46      AC:  8    Str: 21    XL:     5   Next: 40%
Magic:  4/4        EV:  9    Int:  5    God:
Gold:   68         SH:  5    Dex: 11    Spells: 4/4 levels left

rFire   . . .      SeeInvis .   a - +0 long sword
rCold   . . .      Faith    .   c - +0 buckler
rNeg    . . .      Spirit   .   b - +0 scale mail
rPois   .          Reflect  .   (helmet restricted)
rElec   .          Harm     .   (no cloak)
rCorr   .          Rampage  .   (no gloves)
Will    .....                   f - +0 pair of boots
Stlth   ..........              (no amulet)
HPRegen 0.15/turn               (no ring)
MPRegen 0.09/turn               (no ring)

@: lethally poisoned (-1 -> -15)
A: horns 2, retaliatory headbutt
a: no special abilities


You were on level 3 of the Dungeon.
You visited 1 branch of the dungeon, and saw 3 of its levels.

You collected 68 gold pieces.

Inventory:

Hand Weapons
 a - a +0 long sword (weapon)
Armour
 b - a +0 scale mail (worn)
 c - a +0 buckler (worn)
 f - a +0 pair of boots (worn)
Scrolls
 e - 2 scrolls of teleportation {unknown}
 i - 2 scrolls of identify {unknown}
 k - a scroll of fear {unknown}
Potions
 d - 3 potions of might
 g - a potion of curing {unknown}
 j - a potion of attraction {unknown}


   Skills:
 + Level 4.1 Fighting
 + Level 4.5 Long Blades
 + Level 5.0 Armour
 + Level 0.5 Dodging
 + Level 4.7 Shields


You had 4 spell levels left.
You didn't know any spells.
Your spell library contained the following spells:

 Spells                   Type           Power      Damage    Failure   Level
 Sandblast                Erth           0%         2d4       87%         1
 Passwall                 Tmut/Erth      0%         N/A       95%         2
 Portal Projectile        Hex/Tloc       0%         N/A       99%         3
 Stone Arrow              Conj/Erth      0%         3d7       99%         3
 Blade Hands              Tmut           0%         N/A       100%        5
 Excruciating Wounds      Necr           0%         N/A       100%        5
 Dispersal                Tloc           0%         N/A       100%        6
 Disjunction              Tloc           0%         N/A       100%        8


Dungeon Overview and Level Annotations

Branches:
Dungeon (3/15)

Altars:
Yredelemnul


Innate Abilities, Weirdness & Mutations

You have a pair of horns on your head.
You reflexively headbutt those who attack you in melee.


Message History

The gnoll hits you from afar with a +2 halberd of venom!
You are more poisoned.
Unknown command.
You feel very sick.
You feel very sick.
* * * LOW HITPOINT WARNING * * *
You feel very sick.
You feel sick.
You feel sick.
You feel sick.
It was a potion of heal wounds.
You feel much better.
You feel sick. You block the gnoll's attack.
You feel sick. The gnoll misses you.
You hit the gnoll.
The gnoll is lightly wounded.
You feel sick.
The gnoll hits you with a +2 halberd of venom!
The gnoll hits you with a +2 halberd of venom.
You slash the gnoll!
The gnoll is heavily wounded.
You feel sick.
The gnoll hits you with a +2 halberd of venom!
* * * LOW HITPOINT WARNING * * *
You are lethally poisoned!
You hit the gnoll.
The gnoll is heavily wounded.
* * * LOW HITPOINT WARNING * * *
You feel very sick.
The gnoll hits you with a +2 halberd of venom.
* * * LOW HITPOINT WARNING * * *
You are more poisoned.
You feel much better.
You feel very sick. The gnoll closely misses you.
You hit the gnoll.
The gnoll is severely wounded.
* * * LOW HITPOINT WARNING * * *
You feel very sick.
The gnoll hits you with a +2 halberd of venom!
You die...

#......# # #####......# #
...........###########
##.......)........†
##..#########..### ..
#####..## #.## # ...
###.......# #.# # !...
#...##g...# #.# # #..#
#)####@.#.# ###.# # #..## #)#
#..#.## #...# #.S.###.#
#..#..# ##.### #.g...# #..##.#
#..# ##....####..##.# #.## .
##.##...##..##.####.# ##
#...##..##......###.##...####
#.
#......................)..###.
##.###.......#.....######.....


You could see a gnoll.

Vanquished Creatures
  An orc wizard (D:3)
  6 gnolls
  2 adders
  3 dart slugs
  9 orcs (D:3)
  An endoplasm (D:1)
  4 goblins
  8 hobgoblins
  8 jackals (D:1)
  3 quokkas
  7 ball pythons
  10 bats
  2 frilled lizards
  5 kobolds
  A rat (D:3)
70 creatures vanquished.

Notes
Turn   | Place    | Note
-------+----------+-------------------------------------------
     0 | D:1      | Peloso the Minotaur Fighter began the quest for the Orb.
     0 | D:1      | Reached XP level 1. HP: 19/19 MP: 0/0
    97 | D:1      | Reached XP level 2. HP: 24/27 MP: 1/1
   203 | D:1      | Reached skill level 4 in Armour
   298 | D:1      | Reached XP level 3. HP: 19/33 MP: 2/2
   636 | D:1      | Found a faded altar of an unknown god.
  1473 | D:2      | Reached XP level 4. HP: 38/40 MP: 3/3
  1729 | D:3      | Reached XP level 5. HP: 35/46 MP: 4/4
  1800 | D:3      | Found a basalt altar of Yredelemnul.
  1863 | D:3      | Reached skill level 5 in Armour
  1984 | D:3      | Slain by a gnoll

Illustrated notes

Levels and vault maps discovered:
D:1:      shiori_arrival_oz, layout_basic, shapermc_ecumenical_altar_notcrosses,
          minmay_hexomino_u4
D:2:      layout_loops_ring
D:3:      layout_rooms, lemuel_round_altar, serial_shops,
          nicolae_shop_hallway_stairs, grunt_ministairs_1

Skill      XL: |  1  2  3  4  5 |
---------------+----------------+-----
Shields        | 4 |  4.7
Armour         | 4 5 |  5.0
Fighting       | 4 |  4.1
Long Blades    | 3 4 |  4.5
Dodging        | |  0.5

Action                   |  1- 3 |  4- 6 || total
-------------------------+-------+-------++-------
Melee: Long sword        |    84 |    63 ||   147
       Headbutt          |     8 |    12 ||    20
  Use: Potion            |       |     2 ||     2
Armor: Scale mail        |    68 |    26 ||    94
Dodge: Dodged            |    58 |    33 ||    91
Block: Buckler           |    35 |    18 ||    53
